 Dungeon Crawl Stone Soup version 0.29.1-13-g9f3cf754e1 (webtiles) character file.

Game seed: 10688771685386796669

25 Gabide the Conjurer (level 2, -1/22 HPs)
             Began as a Demigod Conjurer on Feb 9, 2023.
             Slain by a goblin
             ... wielding a +0 dagger
             ... led by Robin
              (3 damage)
             ... on level 2 of the Dungeon.
             The game lasted 00:01:26 (1029 turns).

Gabide the Conjurer (Demigod Conjurer)              Turns: 1029, Time: 00:01:27

Health: -1/22      AC:  3    Str:  8    XL:     2   Next: 63%
Magic:  1/7        EV: 12    Int: 20    God:
Gold:   42         SH:  0    Dex: 12    Spells: 4/5 levels left

rFire   . . .      SeeInvis .   (no weapon)
rCold   . . .      Faith    .   (no shield)
rNeg    . . .      Spirit   .   a - +0 robe
rPois   .          Reflect  .   (no helmet)
rElec   .          Harm     .   (no cloak)
rCorr   .          Rampage  .   g - +0 pair of gloves
Will    .....                   (no boots)
Stlth   ++........              (no amulet)
HPRegen 0.07/turn               (no ring)
MPRegen 0.10/turn               (no ring)

@: no status effects
A: high MP 1, forlorn, divine attributes
a: no special abilities


You were on level 2 of the Dungeon.
You visited 1 branch of the dungeon, and saw 2 of its levels.

You collected 42 gold pieces.

Inventory:

Armour
 a - a +0 robe (worn)
 g - a +0 pair of gloves (worn)
Scrolls
 e - a scroll of poison {unknown}
 i - a scroll of identify {unknown}
Potions
 b - a potion of magic
 c - a potion of cancellation {unknown}
 d - 4 potions of mutation {unknown}
 f - 3 potions of degeneration {unknown}
 h - a potion of curing {unknown}


   Skills:
 + Level 0.7 Fighting
 + Level 2.0 Dodging
 - Level 1.7 Stealth
 * Level 2.2 Spellcasting
 * Level 3.9 Conjurations


You had 4 spell levels left.
You knew the following spells:

 Your Spells              Type           Power      Damage    Failure   Level
a - Magic Dart            Conj           68%        1d6       3%          1

Your spell library contained the following spells:

 Spells                   Type           Power      Damage    Failure   Level
 Searing Ray              Conj           34%        2d5       4%          2
 Dazzling Flash           Conj/Hex       20%        N/A       21%         3
 Ozocubu's Armour         Ice            2%         N/A       43%         3
 Fulminant Prism          Conj/Hex       5%         3d7       56%         4
 Iskenderun's Mystic Bla  Conj/Tloc      10%        2d4       56%         4
 Freezing Cloud           Conj/Ice/Air   3%         6-21      94%         5


Dungeon Overview and Level Annotations

Branches:
Dungeon (2/15)

Shops:
D:2 [

Annotations:
D:2 Robin


Innate Abilities, Weirdness & Mutations

You have an increased reservoir of magic. (+10% MP)
You shall have no god before yourself.
Your divine heritage dramatically boosts your attributes as you level up.


Message History

The magic dart hits the hobgoblin.
You kill the hobgoblin!
You are out of magic!
You hit the hobgoblin but do no damage. The hobgoblin hits you.
You barely miss the hobgoblin.
The hobgoblin hits you but does no damage.
You closely miss the hobgoblin.
The hobgoblin hits you but does no damage.
A goblin comes into view. It is wielding a +0 club.
The hobgoblin attacks as you move away! The hobgoblin barely misses you.
The hobgoblin attacks as you move away! The hobgoblin misses you.
The hobgoblin attacks as you move away! The hobgoblin misses you.
The hobgoblin attacks as you move away! The hobgoblin barely misses you.
Robin of the Strong Arm comes into view.
They are wielding a +0 spear.
The hobgoblin attacks as you move away! The hobgoblin misses you.
The hobgoblin attacks as you move away! The hobgoblin hits you.
Robin roars a battlecry!
The goblins go into a battle-frenzy!
Robin roars a battlecry!
The goblin goes into a battle-frenzy!
The hobgoblin attacks as you move away! The hobgoblin closely misses you.
The hobgoblin attacks as you move away! The hobgoblin hits you.
A goblin comes into view. It is wielding a +0 club.
Robin throws the goblin at you! The goblin misses you.
You completely miss the goblin.
The hobgoblin hits you but does no damage.
The goblin hits you with a +0 dagger.
Casting: Magic Dart (safe; 3% risk of failure)
Confirm with . or Enter, or press ? or * to list all spells.
Aiming: Magic Dart (safe; 3% risk of failure)
Press: ? - help, Shift-Dir - straight line, f - goblin
Aim: a goblin, wielding a +0 dagger (strong, 100% to hit)
The magic dart hits the goblin.
The goblin is heavily wounded.
The hobgoblin hits you.
* * * LOW HITPOINT WARNING * * *
Robin roars a battlecry!
The goblins go into a battle-frenzy!
The goblin hits you with a +0 dagger.
You die...

#.# #.#.#... .
#.###g#.#..# #
#.##....#..# #
#....#.#...# #
#..........# #
#(..#.#.#..####
#>....#.....g..
#######r.....##.#####
#..g@ggggg.#.##.#
#.######...#.##.#
#.### #........#
#.#<## #.....####
#....# #.###....#
###.## #.. #.##.# #.#
#.. #.# # #.# ... ..#
#.# ......#


You could see Robin, 2 hobgoblins, 3 goblins and a rat.

Vanquished Creatures
  A dart slug (D:1)
  A ball python (D:1)
  3 bats
  3 endoplasms
  4 goblins
  3 hobgoblins
  A kobold (D:1)
  A quokka (D:1)
  A frilled lizard (D:1)
  2 rats (D:1)
20 creatures vanquished.

Notes
Turn   | Place    | Note
-------+----------+-------------------------------------------
     0 | D:1      | Gabide the Demigod Conjurer began the quest for the Orb.
     0 | D:1      | Reached XP level 1. HP: 14/14 MP: 5/5
   419 | D:1      | Got the Omnibus of Fetching Firn
   442 | D:1      | Reached XP level 2. HP: 22/22 MP: 0/7
   838 | D:2      | Found Wuahapuj's Armour Shop.
  1017 | D:2      | Noticed Robin
  1029 | D:2      | Slain by a goblin

Illustrated notes

Levels and vault maps discovered:
D:1:      minmay_arrival_widening_spiral_wide, layout_basic,
          chequers_ecumenical_altar_simple_redux, minivault_14
D:2:      layout_loops_ring, serial_shops, shop, kennysheep_boxes, uniq_robin

Skill      XL: |  1  2 |
---------------+-------+-----
Spellcasting   | 2 |  2.2
Dodging        | 2 |  2.0
Fighting       | |  0.7
Stealth        | |  1.7
Conjurations   | |  3.9

Action                   || total
-------------------------++-------
Melee: Unarmed           ||    10
 Cast: Magic Dart        ||    41
Armor: Robe              ||     7
Dodge: Dodged            ||    14
